 Dungeon Crawl Stone Soup version 0.27-a0-637-g3a9f0a9c12 (webtiles) character file.

Game seed: 5617316213029386082

240 jestyr24 the Conjurer (level 5, -1/40 HPs)
             Began as a Draconian Conjurer on Mar 15, 2021.
             Slain by an orc
             ... wielding a +0 dagger
              (7 damage)
             ... on level 4 of the Dungeon.
             The game lasted 00:24:07 (4252 turns).

jestyr24 the Conjurer (Draconian Conjurer)          Turns: 4252, Time: 00:24:08

Health: -1/40      AC:  6    Str:  7    XL:     5   Next: 79%
Magic:  2/9        EV: 12    Int: 19    God:
Gold:   107        SH:  0    Dex: 12    Spells: 7/10 levels left

rFire    . . .     SeeInvis .   x - +2 quarterstaff (chaos)
rCold    . . .     Faith    .   (shield currently unavailable)
rNeg     . . .     Spirit   .   (armour unavailable)
rPois    .         Reflect  .   (helmet restricted)
rElec    .         Harm     .   y - +0 cloak
rCorr    +         Rampage  .   (no gloves)
Will     +....                  (no boots)
Stlth    ++........             r - amulet of the acrobat
HPRegen  0.13/turn              h - ring of resist corrosion
MPRegen  0.11/turn              (no ring)

@: no status effects
A: AC +5, unfitting armour, cold-blooded, horns 1, agile 1, strong-willed 1,
weak 1
a: no special abilities


You were on level 4 of the Dungeon.
You visited 1 branch of the dungeon, and saw 4 of its levels.

You collected 107 gold pieces.

Inventory:

Hand Weapons
 j - a +1 dagger of protection
 u - a +1 hunting sling of flaming
 w - a +1 dagger of venom
 x - a +2 quarterstaff of chaos (weapon)
Missiles
 b - 114 stones
Armour
 y - a +0 cloak (worn)
Jewellery
 h - a ring of resist corrosion (right hand)
 q - an amulet of guardian spirit
 r - an amulet of the acrobat (around neck)
Wands
 p - a wand of polymorph (15)
Scrolls
 c - a scroll of fear {unknown}
 d - 5 scrolls of teleportation
 e - a scroll of fog
 g - a scroll of amnesia {unknown}
 i - a scroll of magic mapping {unknown}
 k - a scroll of enchant weapon {unknown}
 m - 3 scrolls of identify {unknown}
 n - a scroll of random uselessness {unknown}
 o - a scroll of enchant armour {unknown}
Potions
 a - 2 potions of mutation
 f - a potion of curing {unknown}
 l - a potion of brilliance {unknown}
 s - a potion of heal wounds {unknown}
 t - a potion of flight {unknown}
 v - a potion of attraction {unknown}


   Skills:
 + Level 1.2 Fighting
 + Level 0.3 Staves
 + Level 2.7 Dodging
 + Level 3.2 Stealth
 + Level 3.1 Spellcasting
 + Level 5.1 Conjurations


You had 7 spell levels left.
You knew the following spells:

 Your Spells              Type           Power      Damage    Failure   Level
a - Magic Dart            Conj           88%        1d7       1%          1
b - Searing Ray           Conj           44%        3d4       2%          2

Your spell library contained the following spells:

 Spells                   Type           Power      Damage    Failure   Level
 Dazzling Flash           Conj/Hex       24%        N/A       16%         3
 Fulminant Prism          Conj/Hex       6%         3d7       45%         4
 Iskenderun's Mystic Bla  Conj/Tloc      12%        2d5       45%         4


Dungeon Overview and Level Annotations

Branches:
Dungeon (4/15)
 Temple: D:4-7

Altars:
Kikubaaqudgha
Ru
Sif Muna


Innate Abilities, Weirdness & Mutations

Your plain brown scales are hard. (AC +5)
You cannot fit into any form of body armour.
You are cold-blooded and may be slowed by cold attacks.
You have a pair of small horns on your head.
You are agile. (Dex +2)
You are strong-willed. (Will+)
You are weak. (Str -2)


Message History

An orc comes into view. It is wielding a +0 war axe.
Without enough magic to sustain it, your searing ray dissipates.
You hit the orc priest.
The orc priest seems to slow down.
Your tail-slap misses the orc priest.
The orc priest is almost dead.
The orc priest invokes the aid of Beogh against you.
Beogh smites you!
You completely miss the orc priest.
The orc priest is almost dead.
The orc priest barely misses you. The orc barely misses you.
You barely miss the orc priest.
You tail-slap the orc priest, but do no damage.
The orc priest is almost dead.
An orc comes into view. It is wielding a +0 dagger.
The orc closely misses you.
You hit the orc priest.
You kill the orc priest!
The orc hits you with a +0 war axe.
You barely miss the orc. The orc hits you with a +0 war axe!
You completely miss the orc. You headbutt the orc.
The orc is heavily wounded.
The orc hits you with a +0 war axe. The orc hits you but does no damage.
You hit the orc but do no damage.
The orc is poisoned.
You headbutt the orc, but do no damage.
The orc is heavily wounded.
The orc hits you with a +0 war axe.
* * * LOW HITPOINT WARNING * * *
The orc barely misses you.
You barely miss the orc.
Your tail-slap misses the orc.
The orc hits you but does no damage.
You hit the orc.
The orc seems to grow stronger.
The orc is moderately wounded.
You kill the orc!
The orc hits you with a +0 dagger.
* * * LOW HITPOINT WARNING * * *
You hit the orc but do no damage. You headbutt the orc, but do no damage.
The orc is lightly wounded.
An orc wizard comes into view. It is wielding a +0 dagger.
The orc hits you with a +0 dagger!
You die...

#..............####
#..............#
#.............#####
#....#....#.......#
#..................
##.....##..........
#.....##....<.....
##................
#@..#....#รท.......
#o................
#.)..............#
#................#
#..)##....######...#
#...##....# #...#
###$##....# ##.##
o.# ...... #.# ###
.###. #.


You could see an orc wizard (wandering) and an orc (strong).

Vanquished Creatures
  A hound (D:4)
  An orc priest (D:4)
  Crazy Yiuf (D:3)
  A worker ant (D:4)
  An orc wizard (D:4)
  2 adders
  An ooze (D:1)
  5 worms
  A dart slug (D:2)
  3 leopard geckos
  2 orcs
  A ball python (D:1)
  8 bats
  4 giant cockroaches
  12 goblins
  4 hobgoblins
  A quokka (D:4)
  A frilled lizard (D:2)
  7 kobolds
  6 rats
63 creatures vanquished.

Notes
Turn   | Place    | Note
-------+----------+-------------------------------------------
     0 | D:1      | jestyr24 the Draconian Conjurer began the quest for the
                  | Orb.
     0 | D:1      | Reached XP level 1. HP: 14/14 MP: 3/3
   354 | D:1      | Reached XP level 2. HP: 20/20 MP: 5/5
   536 | D:1      | Learned a level 2 spell: Searing Ray
  1316 | D:1      | Reached XP level 3. HP: 25/26 MP: 6/6
  1670 | D:2      | Found an ancient bone altar of Kikubaaqudgha.
  2039 | D:2      | Reached XP level 4. HP: 34/34 MP: 2/7
  2896 | D:3      | Found a shimmering blue altar of Sif Muna.
  2956 | D:3      | Found a sacrificial altar of Ru.
  3382 | D:3      | Found a runed translucent door.
  3383 | D:3      | Noticed Crazy Yiuf
  3390 | D:3      | Killed Crazy Yiuf
  3391 | D:3      | Reached skill level 1 in Fighting
  3403 | D:3      | Gained mutation: You are weak. (Str -2) [potion of
                  | mutation]
  3403 | D:3      | Gained mutation: You have a pair of small horns on your
                  | head. [potion of mutation]
  3403 | D:3      | Gained mutation: You are agile. (Dex +2) [potion of
                  | mutation]
  3403 | D:3      | Gained mutation: You are strong-willed. (Will+) [potion of
                  | mutation]
  4010 | D:4      | Reached skill level 5 in Conjurations
  4010 | D:4      | Reached XP level 5. HP: 39/40 MP: 1/9
  4252 | D:4      | Slain by an orc

Illustrated notes

Levels and vault maps discovered:
D:1:      sevenhm_arrival_forest_fort_large_4, layout_basic
D:2:      layout_loops_ring, kiku_gazebo_garden_becter
D:3:      layout_basic, lemuel_crystal_altar, overflow_temple_1_default,
          serial_curves, eino_curves_04, eino_curves_01, eino_curves_02,
          uniq_crazy_yiuf_cottage
D:4:      layout_layer_cave, chequers_temple_overflow_statue_of_worship,
          serial_co_window_serial, co_window_paths_a, co_window_paths_a,
          co_window_corner_a, co_window_corner_a, co_window_of_opportunity_a,
          co_window_2corner, co_window_unsneaky_path_b, co_window_corner_b,
          co_window_cross_3, co_window_2corner, co_window_of_opportunity_b,
          co_window_corner_b, co_window_paths_d, skrybe_limestone_x

Skill      XL: |  1  2  3  4  5 |
---------------+----------------+-----
Stealth        | 2 3 |  3.2
Dodging        | 2 |  2.7
Fighting       | 1 |  1.2
Conjurations   | 5 |  5.1
Spellcasting   | 3 |  3.1
Staves         | |  0.3

Action                   |  1- 3 |  4- 6 || total
-------------------------+-------+-------++-------
Melee: Unarmed           |     8 |       ||     8
       Short sword       |    14 |       ||    14
       Tailslap          |     4 |     4 ||     8
       Dagger            |    68 |    22 ||    90
       Quarterstaff      |       |    19 ||    19
       Headbutt          |       |     4 ||     4
 Cast: Magic Dart        |    22 |    10 ||    32
       Searing Ray       |    10 |    13 ||    23
  Use: Scroll            |       |     2 ||     2
       Potion            |       |     1 ||     1
 Stab: Sleeping          |     6 |     1 ||     7
Armor: Skin              |    26 |    10 ||    36
Dodge: Dodged            |    59 |    43 ||   102

Table legend: (Time is in decaauts)
 A = Elapsed time spent in this place.
 B = Non-inter-level travel time spent in this place.
 C = Inter-level travel time spent in this place.
 D = Time resting spent in this place.
 E = Time spent auto-exploring this place.
 F = Levels seen in this place.
 G = Mean time per level.
                   A        B        C        D        E       F      G
               +--------+--------+--------+--------+--------+-----+--------+
         Total |   4256 |   4142 |    114 |    784 |   2356 |   4 | 1064.0 |
       Dungeon |   4256 |   4142 |    114 |    784 |   2356 |   4 | 1064.0 |
               +--------+--------+--------+--------+--------+-----+--------+

Top non-repeatable levels by time:
     D:3: 1599 daAuts
     D:1: 1390 daAuts
     D:2: 1007 daAuts
     D:4: 258 daAuts
